 Dungeon Crawl Stone Soup version 0.30-a0-840-ga523dec638 (webtiles) character file.

Game seed: 2895193649265294369

74 bobo the Ruffian (level 4, -3/39 (40) HPs)
             Began as a Draconian Transmuter on Mar 2, 2023.
             Slain by a gnoll
             ... wielding a +0 club
              (4 damage)
             ... on level 2 of the Dungeon.
             The game lasted 00:04:29 (1363 turns).

bobo the Ruffian (Draconian Transmuter)             Turns: 1363, Time: 00:04:30

HP:   -3/39 (40)    AC:  5    Str: 12    XL:     4   Next: 9%
MP:   2/7           EV: 12    Int: 16    God:
Gold: 51            SH:  0    Dex: 11    Spells: 2/7 levels left

rFire   . . .      SeeInvis .      - Unarmed
rCold   . . .      Faith    .    (no shield)
rNeg    . . .      Spirit   .    (body armour unavailable)
rPois   .          Reflect  .    (helmet currently unavailable)
rElec   .          Harm     .    (no cloak)
rCorr   .          Rampage  .    (no gloves)
Will    .....                    (boots currently unavailable)
Stlth   ++                       (no amulet)
HPRegen 0.00/turn                (no ring)
MPRegen 0.10/turn                (no ring)

@: appendages, wereblooded, inhibited regen, lightly drained
A: horns 2, talons 2, AC +5, unfitting armour, cold-blooded, mutation resistance
1, robust 1, inhibited regeneration, wild magic 1
a: End Transformation


You were on level 2 of the Dungeon.
You had temporarily grown beastly horns and talons.
You visited 1 branch of the dungeon, and saw 2 of its levels.

You collected 51 gold pieces.

Inventory:

Scrolls
 f - a scroll of enchant weapon
Potions
 a - 2 potions of lignification
 d - a potion of magic {unknown}
 e - a potion of mutation
 h - a potion of curing {unknown}


   Skills:
 + Level 2.3 Fighting
 + Level 2.5 Dodging
 + Level 1.6 Stealth
 + Level 3.5 Unarmed Combat
 - Level 2.0 Spellcasting
 - Level 2.0 Transmutations


You had 2 spell levels left.
You knew the following spells:

 Your Spells              Type           Power      Damage    Failure   Level
a - Beastly Appendage     Tmut           20%        N/A       13%         1
x - Blink                 Tloc           4%         N/A       38%         2
z - Wereblood             Tmut           10%        N/A       21%         2

Your spell library contained the following spells:

 Spells                   Type           Power      Damage    Failure   Level
 Lesser Beckoning         Tloc           4%         N/A       38%         2
 Momentum Strike          Conj/Tloc      4%         3d8       38%         2
 Spider Form              Tmut/Pois      6%         N/A       47%         3
 Ice Form                 Ice/Tmut       6%         N/A       86%         4


Dungeon Overview and Level Annotations

Branches:
Dungeon (2/15)

Altars:


Innate Abilities, Weirdness & Mutations

You have temporarily grown beastly horns and talons.
Your plain brown scales are hard. (AC +5)
You cannot fit into any form of body armour.
You are cold-blooded and may be slowed by cold attacks.
You are somewhat resistant to further mutation.
You are robust. (+10% HP)
You do not regenerate when monsters are visible.
Your spells are a little harder to cast, but a little more powerful.


Message History

As you read the scroll labelled REJYSTR HUXTOPO, it crumbles to dust.
It is a scroll of identify.
f - a scroll of enchant weapon The gnoll hits you but does no damage.
You cannot move.
The gnoll hits you but does no damage.
The gnoll hits you from afar with a +0 spear.
You feel less wooden.
The gnoll hits you from afar with a +0 spear.
Things that are here:
a +2 flail of protection; a gnoll corpse
Casting: Blink (dangerous; 38% risk of failure)
Confirm with . or Enter, or press ? or * to list all spells.
Your blood is infused with primal strength.
The kobold barely misses you. The gnoll closely misses you.
You closely miss the kobold.
Your tail-slap misses the kobold.
The gnoll hits you with a +0 spear.
The kobold hits you with a +0 short sword.
You barely miss the kobold. The gnoll barely misses you.
The kobold closely misses you.
You barely miss the kobold. The gnoll barely misses you.
The kobold barely misses you.
Casting: Wereblood (safe; 21% risk of failure)
Confirm with . or Enter, or press ? or * to list all spells.
You grow a pair of large bovine horns.
Your feet morph into talons.
The gnoll closely misses you. The kobold closely misses you.
You barely miss the kobold. The gnoll hits you with a +0 spear.
* * * LOW HITPOINT WARNING * * *
The kobold barely misses you.
You hit the kobold.
You feel a bit better.
You kill the kobold!
The gnoll barely misses you.
Okay, then.
You barely miss the gnoll. You claw the gnoll, but do no damage.
You headbutt the gnoll.
The gnoll is lightly wounded.
The gnoll hits you with a +0 spear!
* * * LOW HITPOINT WARNING * * *
The gnoll hits you with a +0 club.
You die... ..#### #.. . #B##.. ♣PP. #. #.##.# ♣♣PP ##.#####.##.# PPP

... ..#.##.# ## P♣
...#.#.##.# .##
#.#.#.#.##.#####...
#....gg).......#.#
##..#@#>.....)...#
# #.####.###.###
#.......# #[# #.#
####..###
#.###.#####.# #..
#>........... #.
#####.####### #.
#.# . ########.# ..
.........#


You could see 2 gnolls.

Vanquished Creatures
  A gnoll (D:2)
  2 adders (D:2)
  2 dart slugs (D:1)
  4 ball pythons
  6 bats
  An endoplasm (D:2)
  A giant cockroach (D:1)
  4 hobgoblins
  2 jackals (D:1)
  4 frilled lizards
  12 kobolds
  3 rats
42 creatures vanquished.

Vanquished Creatures (others)
  6 plants (D:2)
6 creatures vanquished.

Grand Total: 48 creatures vanquished

Notes
Turn   | Place    | Note
-------+----------+-------------------------------------------
     0 | D:1      | bobo the Draconian Transmuter began the quest for the Orb.
     0 | D:1      | Reached XP level 1. HP: 16/16 MP: 3/3
   215 | D:1      | Reached XP level 2. HP: 13/23 MP: 3/5
   384 | D:1      | Learned a level 2 spell: Wereblood
   563 | D:1      | Reached skill level 1 in Stealth
   757 | D:1      | Reached XP level 3. HP: 29/29 MP: 4/6
  1164 | D:2      | Learned a level 2 spell: Blink
  1330 | D:2      | Gained mutation: You do not regenerate when monsters are
                  | visible. [potion of mutation]
  1330 | D:2      | Gained mutation: You are robust. (+10% HP) [potion of
                  | mutation]
  1330 | D:2      | Gained mutation: Your spells are a little harder to cast,
                  | but a little more powerful. [potion of mutation]
  1330 | D:2      | Gained mutation: You are somewhat resistant to further
                  | mutation. [potion of mutation]
  1337 | D:2      | Reached XP level 4. HP: 23/39 MP: 3/7
  1363 | D:2      | HP: 1/39 [gnoll/+0 spear (7)]
  1363 | D:2      | Slain by a gnoll

Illustrated notes

Levels and vault maps discovered:
D:1:      dpeg_arrival_rhombus, layout_loops_ring, minmay_misc_feat_enclosed
D:2:      layout_loops_ring, lexackson_kobold_supper

Skill      XL: |  1  2  3 |
---------------+----------+-----
Dodging        | 2 |  2.5
Stealth        | 1 |  1.6
Fighting       | 2 |  2.3
Unarmed Combat | |  3.5
Spellcasting   | |  2.0
Transmutations | |  2.0

Action                     |  1- 3 |  4- 6 || total
---------------------------+-------+-------++-------
  Melee: Unarmed           |   118 |     8 ||   126
         Headbutt          |    12 |     1 ||    13
         Tailslap          |     9 |       ||     9
         Kick              |    13 |     1 ||    14
         Punch             |     1 |       ||     1
   Cast: Beastly Appendage |    23 |     1 ||    24
         Wereblood         |     3 |     1 ||     4
         Blink             |     1 |       ||     1
    Use: Potion            |     3 |     1 ||     4
         Scroll            |     1 |     1 ||     2
   Stab: Sleeping          |     2 |       ||     2
 Armour: Skin              |    48 |    17 ||    65
  Dodge: Dodged            |    78 |    12 ||    90

Table legend: (Time is in decaauts)
 A = Elapsed time spent in this place.
 B = Non-inter-level travel time spent in this place.
 C = Inter-level travel time spent in this place.
 D = Time resting spent in this place.
 E = Time spent auto-exploring this place.
 F = Levels seen in this place.
 G = Mean time per level.
                   A        B        C        D        E       F      G
               +--------+--------+--------+--------+--------+-----+--------+
         Total |   1354 |   1352 |      2 |     66 |    992 |   2 |  677.0 |
       Dungeon |   1354 |   1352 |      2 |     66 |    992 |   2 |  677.0 |
               +--------+--------+--------+--------+--------+-----+--------+

Top non-repeatable levels by time:
     D:1: 915 daAuts
     D:2: 438 daAuts
